 Dungeon Crawl Stone Soup version 0.30.0-15-g856e2d3f33 (console) character file.

Game seed: 4210040328221549011

93 Chek the Trooper (level 4, -2/39 HPs)
             Began as a Mummy Wanderer on May 19, 2023.
             Slain by an orc priest
             ... wielding a +0 hand axe
              (5 damage)
             ... on level 3 of the Dungeon.
             The game lasted 00:06:07 (2294 turns).

Chek the Trooper (Mummy Wanderer)                   Turns: 2294, Time: 00:06:08

Health: -2/39      AC:  4    Str: 12    XL:     4   Next: 36%
Magic:  8/8        EV: 11    Int: 14    God:
Gold:   255        SH:  0    Dex: 13    Spells: 7/8 levels left

rFire   x . .        d - +2 whip (drain)
rCold   + . .        (no shield)
rNeg    + + +        a - +1 robe {rN+}
rPois   ∞            (no helmet)
rElec   .            b - +0 cloak
rCorr   .            (no gloves)
SInv    .            (no boots)
Will    .....        (no amulet)
Stlth   ++           (no ring)
HPRegen 0.26/turn    (no ring)
MPRegen 0.11/turn

%: faith
@: no status effects
A: cold resistance 1, negative energy resistance 3, torment resistance 2, heat
vulnerability 1, in touch with death 1, no potions, faith
a: no special abilities


You were on level 3 of the Dungeon.
You visited 1 branch of the dungeon, and saw 3 of its levels.

You collected 255 gold pieces.

Inventory:

Hand Weapons
 d - a +2 whip of draining (weapon)
 m - a +2 dagger of speed
Missiles
 h - 8 poisoned darts
Armour
 a - a +1 robe of positive energy (worn)
 b - a +0 cloak (worn)
 p - the +3 ring mail of the Gusle {rF+ rC+}
   (You found it on level 3 of the Dungeon)

   rF:        It protects you from fire.
   rC:        It protects you from cold.
Magical Staves
 k - a staff of conjuration
Scrolls
 c - 3 scrolls of blinking
 e - 2 scrolls of teleportation
 f - 3 scrolls of poison {unknown}
 g - a scroll of identify {unknown}
 i - a scroll of noise {unknown}
 j - a scroll of enchant armour {unknown}
 l - 4 scrolls of fear {unknown}
 n - a scroll of butterflies {unknown}
 o - a scroll of vulnerability {unknown}


   Skills:
 - Level 5.0 Fighting
 - Level 1.0 Armour
 - Level 1.0 Stealth
 - Level 2.6 Spellcasting
 + Level 2.2 Conjurations
 - Level 1.5 Ice Magic


You had 7 spell levels left.
You knew the following spells:

 Your Spells              Type           Power      Damage    Failure   Level
a - Freeze                Ice            24%        1d4       12%         1

Your spell library contained the following spells:

 Spells                   Type           Power      Damage    Failure   Level
 Ozocubu's Armour         Ice            6%         N/A       34%         3
 Summon Guardian Golem    Hex/Summ       1%         N/A       54%         3
 Summon Ice Beast         Ice/Summ       4%         N/A       85%         4
 Irradiate                Conj/Tmut      2%         3d12      98%         5
 Orb of Destruction       Conj           4%         9d5       100%        7
 Spellforged Servitor     Conj/Summ      2%         N/A       100%        7
 Blade Hands              Tmut           Unusable   N/A       N/A         5
 Dragon Form              Tmut           Unusable   N/A       N/A         7

Dungeon Overview and Level Annotations

Branches:
Dungeon (3/15)

Altars:

Shops:
D:3 [


Innate Abilities, Weirdness & Mutations

You are immune to poison.
Your flesh is cold resistant. (rC+)
You are immune to negative energy. (rN+++)
You are immune to unholy pain and torment.
You are vulnerable to heat. (rF-)
You are in touch with the powers of death.
You do not drink.
You have a special connection with the divine. (Faith)


Message History

The orc priest looks satisfied for a moment.
You hit the orc. You drain the orc.
You kill the orc!
You closely miss the kobold. The kobold hits you but does no damage.
You hit the kobold but do no damage. The kobold hits you with a +0 dagger.
You hit the kobold.
You kill the kobold!
You hit the sleepcap but do no damage.
The sleepcap releases spores at you but does no damage.
You hit the sleepcap but do no damage. The sleepcap releases spores at you!
You hit the sleepcap. You drain the sleepcap.
The sleepcap is moderately damaged.
The sleepcap barely misses you.
You hit the sleepcap. You drain the sleepcap.
The sleepcap is severely damaged.
The sleepcap releases spores at you but does no damage.
You hit the sleepcap.
The sleepcap is almost destroyed.
The sleepcap releases spores at you but does no damage.
You hit the sleepcap but do no damage. You drain the sleepcap.
You destroy the sleepcap!
The orc hits you with a +0 club.
Your Conjurations skill increases to level 2!
You have reached level 4!
You hit the orc.
The orc is moderately wounded.
The orc barely misses you.
The orc priest invokes the aid of Beogh against you.
Beogh smites you!
You hit the orc.
You kill the orc!
You closely miss the orc. The orc closely misses you.
You closely miss the orc. The orc hits you but does no damage.
You whack the orc!
You kill the orc!
The orc priest mumbles some strange prayers to Beogh against you.
Beogh smites you!
* * * LOW HITPOINT WARNING * * *
The orc priest hits you with a +0 hand axe.
You die...

########..# ..........#
###### ....#.∩.#.####....#
..P # ........†.........'
.... .
......###.####....####....
# ......# #.# ...........
......# #.# ..........
......# #.#######....P....
......###.......@o........
....(.##...######.........
......##...# #.........
###..###...# #.....####
##..##...# ##.####
##..#...#######..#
##.#...#...8.8..# ##
#.'...#.##8.8..# #.
###...#.# .8..# ####.


You could see an orc priest (very drained).

Vanquished Creatures
  A sleepcap (D:3)
  An adder (D:2)
  A worm (D:3)
  A dart slug (D:3)
  4 orcs (D:3)
  4 ball pythons
  6 endoplasms
  4 giant cockroaches
  3 hobgoblins
  4 quokkas (D:1)
  A ball python zombie (D:3)
  3 bats
  A frilled lizard (D:2)
  3 goblins
  7 kobolds
  3 rats
47 creatures vanquished.

Notes
Turn   | Place    | Note
-------+----------+-------------------------------------------
     0 | D:1      | Chek the Mummy Wanderer began the quest for the Orb.
     0 | D:1      | Chek set off with the following items: a +0 dagger, a +0
                  | cloak, a scroll of blinking, a +0 robe, a scroll of
                  | teleportation; and the following spell memorised: Freeze;
                  | and the following spells available to memorise: Ozocubu's
                  | Armour, Summon Ice Beast.
     0 | D:1      | Reached XP level 1. HP: 19/19 MP: 4/4
   215 | D:1      | Reached XP level 2. HP: 23/26 MP: 5/5
   827 | D:2      | Reached skill level 5 in Fighting
   981 | D:2      | Gained mutation: You are in touch with the powers of death.
                  | [Mummy growth]
   981 | D:2      | Reached XP level 3. HP: 33/33 MP: 7/7
  1439 | D:2      | Reached skill level 1 in Conjurations
  2170 | D:3      | Found Adduxuj's Armour Boutique.
  2190 | D:3      | Identified the +3 ring mail of the Gusle {rF+ rC+}
  2289 | D:3      | Reached XP level 4. HP: 28/39 MP: 8/8
  2294 | D:3      | Slain by an orc priest

Illustrated notes

Levels and vault maps discovered:
D:1:      scummos_arrival_simple_crosswalls, layout_loops_cross, serial_glass,
          glass_columns_c, glass_columns_c
D:2:      layout_loops_ring, minmay_gold_behind_fungi, roderic_roman_lattice,
          kennysheep_cross_bottleneck
D:3:      layout_basic, serial_shops, nicolae_shop_stone, serial_undead,
          serial_undead_e, serial_undead_f, serial_undead_b, serial_undead_c

Skill      XL: |  1  2  3 |
---------------+----------+-----
Fighting       | 5 |  5.0
Conjurations   | 2 |  2.2
Armour         | |  1.0
Stealth        | |  1.0
Spellcasting   | |  2.6
Ice Magic      | |  1.5

Action                     |  1- 3 |  4- 6 || total
---------------------------+-------+-------++-------
  Melee: Dagger            |    25 |       ||    25
         Club              |    55 |       ||    55
         Whip              |    70 |     5 ||    75
   Cast: Freeze            |    10 |       ||    10
   Stab: Sleeping          |     6 |       ||     6
 Armour: Robe              |    40 |     1 ||    41
  Dodge: Dodged            |    88 |     2 ||    90
